 Dungeon Crawl Stone Soup version 0.30.0-7-g0c4daa9e05 (webtiles) character file.

Game seed: 10369619213493005524

2 Foic the Vexing (level 1, -1/7 HPs)
             Began as a Felid Enchanter on May 13, 2023.
             Slain by a hobgoblin (4 damage)
             ... on level 1 of the Dungeon.
             The game lasted 00:01:05 (166 turns).

Foic the Vexing (Felid Enchanter)                    Turns: 166, Time: 00:01:05

Health: -1/7       AC:  1    Str:  4    XL:     1   Next: 33%
Magic:  4/4        EV: 17    Int: 16    God:
Gold:   0          SH:  0    Dex: 16    Spells: 4/4 levels left
                                        Lives:  0   Deaths: 0

rFire   . .          .
                       - Unarmed
rCold   . . .        (shield unavailable)
rNeg    . . .        (body armour unavailable)
rPois   .            (helmet unavailable)
rElec   .            (cloak unavailable)
rCorr   .            (gloves unavailable)
SInv    +            (boots unavailable)
Will    .....        (no amulet)
Stlth   +++          (no ring)
HPRegen 0.21/turn    (no ring)
MPRegen 0.09/turn

%: no passive effects
@: quick
A: very small, claws 1, fangs 3, see invisible, speed 1, shaggy fur 1, stealthy
paws, no weapons or thrown items, no armour, multi-lived
a: no special abilities


You were on level 1 of the Dungeon.
You visited 1 branch of the dungeon, and saw 1 of its levels.

Inventory:

Potions
 a - 2 potions of invisibility


   Skills:
 + Level 2.7 Dodging
 + Level 4.0 Stealth
 + Level 1.0 Unarmed Combat
 + Level 2.0 Spellcasting
 + Level 4.6 Hexes


You had 4 spell levels left.
You didn't know any spells.
Your spell library contained the following spells:

 Spells                   Type           Power      Damage    Failure   Level
 Confusing Touch          Hex            16%        N/A       10%         3
 Tukima's Dance           Hex            16%        N/A       10%         3
 Ensorcelled Hibernation  Hex/Ice        18%        N/A       12%         2
 Dazzling Flash           Conj/Hex       18%        N/A       24%         3


Dungeon Overview and Level Annotations

Branches:
Dungeon (1/15)

Altars:


Innate Abilities, Weirdness & Mutations

You have sharp claws.
You have razor-sharp teeth.
You have supernaturally acute eyesight. (SInv)
You cover ground quickly. (Speed+)
You are covered in fur. (AC +1)
Your paws help you pounce on unaware monsters.
You are incapable of wielding weapons or throwing items.
You cannot wear armour.
You gain extra lives every three experience levels.


Message History

The kobold closely misses you.
You barely miss the kobold.
The kobold is moderately wounded.
The kobold misses you.
You barely miss the kobold.
The kobold is moderately wounded.
The kobold barely misses you.
You barely miss the kobold.
The kobold is moderately wounded.
The kobold hits you with a +0 short sword.
The kobold throws a stone.
The stone closely misses you.
The kobold throws a stone.
The stone hits you.
A kobold comes into view. It is wielding a +0 whip.
The kobold shouts!
A giant cockroach comes into view.
Found a stone staircase leading down.
A bat comes into view.
The bat moves out of view.
You closely miss the giant cockroach. Your bite misses the giant cockroach.
The giant cockroach barely misses you.
You scratch the giant cockroach.
You kill the giant cockroach!
You miss the kobold. The kobold barely misses you.
You closely miss the kobold.
The kobold throws a stone.
The stone hits you. The kobold hits you with a +0 whip.
Ouch! That really hurt!
* * * LOW HITPOINT WARNING * * *
The kobold throws a stone.
The stone hits you.
* * * LOW HITPOINT WARNING * * *
The kobold throws a stone.
The stone barely misses you.
The kobold throws a stone.
The stone barely misses you.
The kobold throws a stone.
The stone barely misses you.
The kobold throws a stone.
The stone closely misses you.
The kobold throws a stone.
The stone hits you.
The kobold throws a stone.
The stone completely misses you.
The kobold throws a stone.
The stone barely misses you.
A hobgoblin comes into view.
You barely miss the bat. The bat hits you. The hobgoblin hits you.
Ouch! That really hurt!
You die...

.>...............................
..###.P~~~≈~~≈~P...P~~~~~≈~~P..#.
......~≈≈~~~~≈~≈...~≈≈~~~~≈~~....
...##.~≈≈~~~~≈≈~...~≈≈~~~~≈≈~.#..
......P~~~~~≈≈~.....~~≈~≈~~~P.#.#
...#.............b............#.#
...#..P≈~~~≈≈~~.....~~~~~~~~P...#
......~~≈~~~~≈~~...~~≈~~~~~~~....
...#..~~≈~~~~≈≈~@..~≈≈K~~~~~~....
...#..P~~~~~~~~Pg..P~K~~~~~~P....
.................................
..##......###########............
. ######## ##..#......##
#........... #.......#.##
#.....#.#.# #.........#


You could see a hobgoblin, a bat and 2 kobolds.

Vanquished Creatures
  A bat (D:1)
  A giant cockroach (D:1)
2 creatures vanquished.

Notes
Turn   | Place    | Note
-------+----------+-------------------------------------------
     0 | D:1      | Foic the Felid Enchanter began the quest for the Orb.
     0 | D:1      | Reached XP level 1. HP: 7/7 MP: 4/4
   166 | D:1      | Slain by a hobgoblin

Illustrated notes

Levels and vault maps discovered:
D:1:      giann_bridges, layout_basic, ebering_ecumenical_altar_webs,
          ebering_dispersal_statue_hall

Action                     || total
---------------------------++-------
  Melee: Unarmed           ||    21
         Bite              ||     1
 Armour: Skin              ||     4
  Dodge: Dodged            ||    38
